Slick (
green | 87 APM | 1195 actions | 13:45)
4 Keeper of the Grove
2 Force of Nature
2 Entangling Roots
2 Goblin Alchemist
1 Acid Bomb
1 Healing Spray
» actions
| Assign group hotkey | 7 | |
| Build / train | 43 | |
| Enter build submenu | 15 | |
| Enter hero's abilities submenu | 6 | |
| Give item / drop item | 1 | |
| Right click | 759 | |
| Select / deselect | 239 | |
| Select group hotkey | 84 | |
| Use ability | 41 | |
1195 total
» units
| Wisp | 17 | |
| Archer | 7 | |
| Forest Troll Shadow Priest | 2 | |
| Hippogryph | 2 | |
| Forest Troll Berserker | 1 | |
| Mountain Giant | 2 | |
| Faerie Dragon | 3 | |
34 total
» buildings
| Altar of Elders | 1 | |
| Moon Well | 5 | |
| Ancient of War | 1 | |
| Tree of Ages | 1 | |
| Ancient of Wind | 1 | |
| Hunter's Hall | 1 | |
| Ancient of Wonders | 1 | |
| Tree of Life | 1 | |
| Ancient of Lore | 1 | |
13 total
» build order
00:06 Altar of Elders
00:10 Moon Well
00:45 Ancient of War
01:36 Moon Well
02:54 Tree of Ages
04:48 Moon Well
05:39 Ancient of Wind
05:41 Hunter's Hall
05:56 Ancient of Wonders
08:43 Tree of Life
10:01 Moon Well
10:04 Moon Well
10:44 Ancient of Lore